 Dungeon Crawl Stone Soup version 0.25-a0-86-ga6f17ae7d4 (webtiles) character file.

Game seed: 11422594733535834037, levelgen mode: deterministic

95 CasualChangeling the Bolt Thrower (level 4, -1/28 HPs)
             Began as a Kobold Hunter on Nov 9, 2019.
             Slain by a shadow imp (2 damage)
             ... summoned by Natasha
             ... on level 2 of the Dungeon.
             The game lasted 00:04:00 (1653 turns).

CasualChangeling the Bolt Thrower (Kobold Hunter)   Turns: 1653, Time: 00:04:01

Health: -1/28      AC:  4    Str:  9    XL:     4   Next: 95%
Magic:  4/4        EV: 16    Int: 12    God:
Gold:   30         SH:  0    Dex: 19    Spells: 3/3 levels left

rFire    . . .     SeeInvis .   b - +0 short sword
rCold    . . .     Gourm    .   (shield restricted)
rNeg     . . .     Faith    .   e - +0 leather armour (curse)
rPois    .         Spirit   .   (no helmet)
rElec    .         Reflect  .   o - +0 cloak
rCorr    .         Harm     .   (no gloves)
MR       .....                  (no boots)
Stlth    ++........             (no amulet)
HPRegen  0.09/turn              m - +3 ring of dexterity
MPRegen  0.09/turn              (no ring)

@: slowed, very slow
A: small, carnivore
a: no special abilities


You were on level 2 of the Dungeon.
You were very full.

You visited 1 branch of the dungeon, and saw 2 of its levels.

You collected 30 gold pieces.

Inventory:

Hand Weapons
 a - a +1 hand crossbow
 b - a +0 short sword (weapon)
Missiles
 d - 8 bolts
Armour
 e - a cursed +0 leather armour (worn)
 o - a +0 cloak (worn)
Jewellery
 m - a +3 ring of dexterity (left hand)
Scrolls
 g - 3 scrolls of remove curse {unknown}
 i - a scroll of fog {unknown}
 j - a scroll of immolation {unknown}
 k - 2 scrolls of identify {unknown}
Potions
 c - a potion of cancellation {unknown}
 l - a potion of magic {unknown}
 p - a potion of degeneration {unknown}
 q - a potion of heal wounds {unknown}
 r - a potion of might {unknown}
 s - a potion of flight {unknown}
Comestibles
 f - 3 rations


   Skills:
 + Level 3.0 Fighting
 + Level 2.2 Short Blades
 * Level 5.8 Crossbows
 + Level 3.3 Dodging
 - Level 1.3 Stealth


You had 3 spell levels left.
You didn't know any spells.
Your spell library was empty.

Dungeon Overview and Level Annotations

Branches:
Dungeon (2/15)

Altars:
Makhleb

Annotations:
D:2 Natasha, Sigmund


Innate Abilities, Weirdness & Mutations

You are small and have problems with some larger weapons.
You are carnivorous and can eat meat at any time.


Message History

The white imp grins evilly.
The white imp laughs crazily.
Natasha wildly gestures.
You feel disoriented. Natasha barely misses you.
The white imp disappears in a puff of smoke!
Natasha stares at you and mumbles some strange words.
The magic dart hits you! Natasha misses you.
Natasha mumbles some strange words.
You closely miss the shadow imp. Natasha closely misses you.
Sigmund barely misses you. The shadow imp misses you.
You hit the shadow imp.
The shadow imp is lightly wounded.
Natasha casts a spell at you. You resist with some effort.
The shadow imp completely misses you.
Sigmund hits you from afar with a +0 scythe!
Natasha claws you!
* * * LOW HITPOINT WARNING * * *
The shadow imp hits you.
You die...

#######....###
#.#### #.#
#.##############
#.#............#
#(#.##########.# #
#.#.# #.# #
#######(#5# #)# #
........#@# #.# #
.. ........#h# #.#
# #.########.#@#
#.# # # #.# #.#.#
#.# # #. #.# #.#.#
#.##### #. #.#
#.#.# ###......
#..#.# #.#.#
#........
#..#.########.#.#
#.#######
##.......@.5...#.#
#.#


You could see Sigmund, Natasha and a shadow imp.

Vanquished Creatures
  4 adders (D:2)
  A shadow imp (D:2)
  3 dart slugs (D:1)
  A leopard gecko (D:1)
  9 hobgoblins
  2 jackals (D:1)
  4 bats
  2 frilled lizards (D:1)
  7 goblins
  9 kobolds
  4 rats (D:1)
46 creatures vanquished.

Notes
Turn   | Place    | Note
-------+----------+-------------------------------------------
     0 | D:1      | CasualChangeling the Kobold Hunter began the quest for the
                  | Orb.
     0 | D:1      | Reached XP level 1. HP: 12/12 MP: 1/1
   123 | D:1      | Reached skill level 5 in Crossbows
   123 | D:1      | Reached XP level 2. HP: 18/18 MP: 2/2
   195 | D:1      | Reached skill level 1 in Short Blades
   254 | D:1      | Reached XP level 3. HP: 17/22 MP: 3/3
   823 | D:2      | Reached XP level 4. HP: 27/27 MP: 4/4
  1253 | D:2      | Found a burning altar of Makhleb.
  1631 | D:2      | Noticed Sigmund
  1631 | D:2      | Noticed Natasha
  1653 | D:2      | HP: 1/28 [Natasha (9)]
  1653 | D:2      | Slain by a shadow imp

Levels and vault maps discovered:
D:1:      lightli_arrival_noodles, layout_loops_ring,
          chequers_serial_rivers_micro_a
D:2:      minmay_spotlight, layout_loops_ring, bloody_makhleb, uniq_sigmund,
          uniq_robin, uniq_natasha

Skill      XL: |  1  2  3  4 |
---------------+-------------+-----
Crossbows      | 5 |  5.8
Short Blades   | 1 2 |  2.2
Dodging        | 3 |  3.3
Fighting       | 3 |  3.0
Stealth        | |  1.3

Action                   |  1- 3 |  4- 6 || total
-------------------------+-------+-------++-------
Melee: Short sword       |    20 |    63 ||    83
 Fire: Hand crossbow     |    68 |    16 ||    84
  Use: Potion            |       |     1 ||     1
 Stab: Sleeping          |       |     1 ||     1
  Eat: Chunk             |     8 |     2 ||    10
Armor: Leather armour    |     3 |    13 ||    16
Dodge: Dodged            |    33 |    70 ||   103

Table legend:
 A = Non-vault XP
 B = Vault XP
 C = Vault XP percentage of total XP
 D = Non-vault monster count
 E = Vault monster count
 F = Vault count percentage of total count
                 A         B        C        D         E       F
            +---------+---------+-------+---------+---------+-------
      Total |     136 |       0 |   0.0 |      46 |       0 |   0.0
            +---------+---------+-------+---------+---------+-------
        D:1 |      47 |       0 |   0.0 |      27 |       0 |   0.0
        D:2 |      89 |       0 |   0.0 |      19 |       0 |   0.0
            +---------+---------+-------+---------+---------+-------
